 Dungeon Crawl Stone Soup version 0.31-a0-232-gb1c03b2570 (webtiles) character file.

Game seed: 11598098117602484008

29689 Decritt the Cleaver (level 13, 0/121 (125) HPs)
             Began as a Minotaur Gladiator on July 7, 2023.
             Was an Elder of Qazlal.
             Slain by a skeletal warrior
             ... wielding a +0 battleaxe
              (22 damage)
             ... on level 13 of the Dungeon.
             The game lasted 00:31:49 (11130 turns).

Decritt the Cleaver (Minotaur Gladiator)           Turns: 11130, Time: 00:31:49

HP:   0/121 (125)   AC: 23    Str: 24    XL:     13   Next: 16%
MP:   16/16         EV: 19    Int:  5    God:    Qazlal [****..]
Gold: 1048          SH: 10    Dex: 14    Spells: 12/12 levels left

rFire   . . .        m - +1 executioner's axe (freeze)
rCold   . . .        (shield currently unavailable)
rNeg    . . .        s - +6 scale mail "Ughor" {Regen+}
rPois   .            c - +0 hat
rElec   .            G - +1 cloak
rCorr   .            w - +1 pair of gloves
SInv    .            (no boots)
Will    .....        e - amulet "Cuiwef" {Reflect Dex+2 SH+5 Stlth+}
Stlth   +            o - +4 ring of protection
HPRegen 1.20/turn    A - +5 ring of evasion
MPRegen 0.15/turn

%: repel missiles, reflection
@: about to teleport, studying 2 skills, lightly drained
A: horns 2, retaliatory headbutt
a: Renounce Religion, Upheaval, Elemental Force


You were on level 13 of the Dungeon.
You worshipped Qazlal.
Qazlal was greatly pleased with you.
You visited 2 branches of the dungeon, and saw 16 of its levels.

You collected 1048 gold pieces.

Inventory:

Hand Weapons
 m - a +1 executioner's axe of freezing (weapon)
 y - the +6 trident of Ohetz {spect, Will++ rCorr}
   (You found it on level 3 of the Dungeon)

   rCorr:     It protects you from acid and corrosion.
   Will:      It greatly increases your willpower.
Missiles
 d - 10 boomerangs
 h - 6 boomerangs of dispersal
 j - 3 javelins
 D - a silver boomerang
Armour
 c - a +0 hat (worn)
 s - the +6 scale mail "Ughor" (worn) {Regen+}
   (You found it on level 8 of the Dungeon)

   Regen:     It increases your rate of health regeneration.
 w - a +1 pair of gloves (worn)
 G - a +1 cloak (worn)
Jewellery
 a - the ring "Qanurr" {Fire rCorr}
   (You found it on level 6 of the Dungeon)

   [ring of fire]

   It enhances your fire magic.
   rF:        It protects you from fire.
   rC:        It makes you vulnerable to cold.
   rCorr:     It protects you from acid and corrosion.
 b - an amulet of guardian spirit
 e - the amulet "Cuiwef" (around neck) {Reflect Dex+2 SH+5 Stlth+}
   (You acquired it on level 10 of the Dungeon)

   [amulet of reflection]

   It reflects blocked missile attacks.
   Dex:       It affects your dexterity (+2).
   SH:        It affects your SH (+5).
   Stlth:     It makes you more stealthy.
 o - a +4 ring of protection (left hand)
 v - a ring of see invisible
 z - a ring of wizardry
 A - a +5 ring of evasion (right hand)
 B - a ring of poison resistance
 C - a ring of protection from fire
Wands
 r - a wand of mindburst (8)
 J - a wand of light (8)
Scrolls
 g - 2 scrolls of enchant armour
 k - a scroll of teleportation
 l - 2 scrolls of fog
 p - 4 scrolls of fear
 q - a scroll of silence
 t - 3 scrolls of immolation
 E - a scroll of poison
 F - a scroll of revelation
Potions
 f - 4 potions of curing
 i - a potion of ambrosia {unknown}
 n - 2 potions of might
 u - 3 potions of enlightenment
 x - 2 potions of attraction
 H - a potion of cancellation
 I - 3 potions of mutation
 K - a potion of heal wounds {unknown}


   Skills:
 + Level 14.6 Fighting
 * Level 14.8 Axes
 - Level 6.0 Throwing
 + Level 10.3 Armour
 + Level 9.9 Dodging
 + Level 6.2 Invocations


You had 12 spell levels left.
You didn't know any spells.
Your spell library contained the following spells:

 Spells                   Type           Power      Damage    Failure   Level
 Cigotuvi's Dreadful Rot  Necr/Pois/Air  0%         N/A       86%         2
 Ensorcelled Hibernation  Hex/Ice        0%         N/A       86%         2
 Lesser Beckoning         Tloc           0%         N/A       86%         2
 Passwall                 Tmut/Erth      0%         N/A       86%         2
 Sublimation of Blood     Necr           0%         N/A       86%         2
 Wereblood                Tmut           0%         N/A       86%         2
 Dazzling Flash           Conj/Hex       0%         N/A       97%         3
 Gell's Gravitas          Tloc           0%         N/A       97%         3
 Hailstorm                Conj/Ice       0%         3d3       97%         3
 Ignite Poison            Fire/Tmut/Pois 0%         N/A       97%         3
 Inner Flame              Hex/Fire       0%         N/A       97%         3
 Spider Form              Tmut/Pois      0%         N/A       97%         3
 Swiftness                Air            0%         N/A       97%         3
 Teleport Other           Tloc           0%         N/A       97%         3
 Volatile Blastmotes      Fire/Tloc      0%         2d10      97%         3
 Anguish                  Hex/Necr       0%         N/A       100%        4
 Flame Wave               Conj/Fire      0%         2d4       100%        4
 Fulminant Prism          Conj/Hex       0%         3d5       100%        4
 Iskenderun's Mystic Bla  Conj/Tloc      0%         2d3       100%        4
 Petrify                  Tmut/Erth      0%         N/A       100%        4
 Sticky Flame             Conj/Fire      0%         2d3       100%        4
 Summon Ice Beast         Ice/Summ       0%         N/A       100%        4
 Agony                    Necr           0%         N/A       100%        5
 Blade Hands              Tmut           0%         N/A       100%        5
 Freezing Cloud           Conj/Ice/Air   0%         6-21      100%        5
 Irradiate                Conj/Tmut      0%         3d11      100%        5
 Lee's Rapid Deconstruct  Erth           0%         3d4*      100%        5
 Metabolic Englaciation   Hex/Ice        0%         N/A       100%        5
 Silence                  Hex/Air        0%         N/A       100%        5
 Summon Mana Viper        Hex/Summ       0%         N/A       100%        5
 Statue Form              Tmut/Erth      0%         N/A       100%        6
 Dragon Form              Tmut           0%         N/A       100%        7
 Monstrous Menagerie      Summ           0%         N/A       100%        7
 Summon Hydra             Summ           0%         N/A       100%        7
 Lehudib's Crystal Spear  Conj/Erth      0%         10d2      100%        8


Dungeon Overview and Level Annotations

Branches:
Dungeon (15/15)            Temple (1/1) D:6            Lair (0/5) D:9
    Orc (0/2) D:9
 Vaults: D:13-14     Depths: D:15

Altars:
Cheibriados
Elyvilon
Gozag
Hepliaklqana
Kikubaaqudgha
Makhleb
Nemelex Xobeh
Okawaru
Qazlal
Sif Muna
Trog
Xom
Zin

Shops:
D:2 (   D:3 (   D:10 *   D:11 [

Annotations:
D:3 2 transporters, niknal's ghost, amateur OpTm


Innate Abilities, Weirdness & Mutations

You have a pair of horns on your head.
You reflexively headbutt those who attack you in melee.


Message History

The skeletal warrior hits you with a +1 dire flail of protection!
The skeletal warrior hits you with a +0 battleaxe!
You block the skeletal warrior's attack.
The skeletal warrior hits you but does no damage.
You slash the skeletal warrior! You freeze the skeletal warrior.
You headbutt the skeletal warrior!
The skeletal warrior is severely damaged.
You closely miss the skeletal warrior.
You hit the skeletal warrior but do no damage.
You block the skeletal warrior's attack.
The skeletal warrior hits you with a +0 battleaxe!!
* * * LOW HITPOINT WARNING * * *
The skeletal warrior hits you with a +1 dire flail of protection!!
* * * LOW HITPOINT WARNING * * *
The skeletal warrior misses you.
You block the skeletal warrior's attack.
The skeletal warrior is engulfed in freezing vapours.
You are too injured to fight recklessly!
The skeletal warrior attacks as you move away!
The skeletal warrior misses you.
The skeletal warrior is engulfed in blazing flames.
The skeletal warrior is engulfed in blazing flames.
The skeletal warrior attacks as you move away!
The skeletal warrior hits you with a +0 battleaxe.
* * * LOW HITPOINT WARNING * * *
The skeletal warrior attacks as you move away!
The skeletal warrior hits you with a +1 dire flail of protection!
* * * LOW HITPOINT WARNING * * *
Okay, then.
You can't see any enemies this would affect, really read the scroll of fear?
Okay, then.
As you read the scroll of teleportation, it crumbles to dust.
You feel strangely unstable.
The skeletal warrior hits you with a +0 battleaxe.
* * * LOW HITPOINT WARNING * * *
The skeletal warrior misses you.
The skeletal warrior completely misses you.
The skeletal warrior attacks as you move away!
The skeletal warrior hits you with a +0 battleaxe!!
You die...

#.......# #.).....#
#..# ..# #..##..#
#......# +......#
#....#.zz§○.#
#....#..zz..#
#....#.°@§..#
#....#○..°..#
#....#......#
#>...#..##..#
#....##'##..#
+<...#...'..#
#....#...#..#
###+##....#####'###
...#................#


You could see 4 skeletal warriors.

Vanquished Creatures
  A fire dragon (D:14)
  The ghost of pornopis the Cleaver, a journeyman BaFi of Cheibriados (D:12)
  A death knight (D:13)
  7 centaur warriors
  4 two-headed ogres
  3 boulder beetles
  4 ugly things (D:14)
  2 cyclopes
  A manticore (D:14)
  The ghost of Olga the Destroyer, a novice TeCj of Vehumet (D:6)
  Joseph (D:9)
  A gargoyle (D:12)
  A cane toad (shapeshifter) (D:13)
  Maggie (D:9)
  A kobold demonologist (D:9)
  4 unseen horrors
  A yaktaur (D:13)
  Prince Ribbit (D:6)
  2 polar bears (D:12)
  5 trolls
  3 hornets
  7 slime creatures
  3 shadows
  3 spriggans (D:12)
  5 wraiths
  A wyvern (D:10)
  10 yaks
  2 basilisks
  6 vampire mosquitoes
  An acid dragon (D:11)
  Edmund (D:4)
  3 water moccasins
  3 black bears
  5 orc warriors
  A sky beast (D:8)
  3 ice beasts
  4 ogres
  4 boggarts (D:12)
  5 centaurs
  2 phantoms
  3 gnoll sergeants
  A kobold brigand (D:9)
  2 bullfrogs (D:9)
  A scorpion (D:6)
  11 wights
  A hornet simulacrum (D:6)
  A howler monkey (D:6)
  2 jellies
  8 hounds
  Crazy Yiuf (D:6)
  A gnoll bouda (D:5)
  7 orc priests
  3 iguanas
  4 sleepcaps
  8 orc wizards
  12 gnolls
  5 adders
  2 shadow imps
  3 white imps (D:6)
  A howler monkey simulacrum (D:6)
  4 ufetubi
  4 worms
  2 dart slugs
  42 orcs
  5 bats
  9 endoplasms
  4 giant cockroaches
  8 hobgoblins
  4 quokkas
  9 ball pythons
  3 frilled lizards
  9 goblins
  8 kobolds
  5 rats
308 creatures vanquished.

Vanquished Creatures (collateral kills)
  A manticore (D:12)
1 creature vanquished.

Vanquished Creatures (others)
  2 spectral weapons (D:5)
2 creatures vanquished.

Grand Total: 311 creatures vanquished

Notes
Turn   | Place    | Note
-------+----------+-------------------------------------------
     0 | D:1      | Decritt the Minotaur Gladiator began the quest for the Orb.
     0 | D:1      | Reached XP level 1. HP: 18/18 MP: 0/0
    97 | D:1      | Reached XP level 2. HP: 25/25 MP: 1/1
   858 | D:2      | Reached skill level 1 in Armour
   899 | D:2      | Found Oqiag's Weapon Boutique.
   921 | D:2      | Reached XP level 3. HP: 31/31 MP: 2/2
  1759 | D:3      | Noticed niknal's ghost (amateur OpTm)
  1770 | D:3      | Got the Vellum of Glacial Amathomancy
  1776 | D:3      | Found a transporter.
  1783 | D:3      | Found a transporter.
  1950 | D:3      | Found Cetontas's Weapon Emporium.
  2008 | D:3      | Identified the +6 trident of Ohetz {spect, Will++ rCorr}
  2136 | D:4      | Reached XP level 4. HP: 40/40 MP: 3/3
  2308 | D:4      | Reached skill level 5 in Axes
  2308 | D:4      | Reached XP level 5. HP: 46/46 MP: 4/4
  2380 | D:4      | Noticed Edmund
  2385 | D:4      | Killed Edmund
  2386 | D:4      | Reached skill level 5 in Fighting
  2386 | D:4      | Reached XP level 6. HP: 43/56 MP: 5/5
  2785 | D:5      | Entered Level 5 of the Dungeon
  2906 | D:5      | Reached XP level 7. HP: 60/62 MP: 6/6
  3152 | D:5      | Noticed a two-headed ogre
  3173 | D:5      | Noticed a yak
  3178 | D:5      | Killed a yak
  3182 | D:5      | Reached skill level 5 in Dodging
  3202 | D:5      | Killed a two-headed ogre
  3203 | D:5      | Reached XP level 8. HP: 53/74 MP: 7/7
  3337 | D:5      | Reached skill level 5 in Armour
  4126 | D:6      | Noticed a boulder beetle
  4128 | D:6      | Reached XP level 9. HP: 73/82 MP: 8/8
  4166 | D:5      | Killed a boulder beetle
  4362 | D:6      | Reached skill level 10 in Axes
  4399 | D:6      | Reached skill level 10 in Fighting
  4602 | D:6      | Noticed Prince Ribbit
  4610 | D:6      | Killed Prince Ribbit
  4743 | D:6      | Found a staircase to the Ecumenical Temple.
  4749 | Temple   | Entered the Ecumenical Temple
  4921 | Temple   | Became a worshipper of Qazlal Stormbringer
  4965 | D:6      | Found a runed translucent gate.
  4965 | D:6      | Found a runed translucent gate.
  4967 | D:6      | Found a runed translucent gate.
  4994 | D:6      | Found a runed translucent door.
  4995 | D:6      | Noticed Crazy Yiuf
  5043 | D:6      | Killed Crazy Yiuf
  5098 | D:6      | Noticed Olga's ghost (novice TeCj)
  5415 | D:6      | Reached XP level 10. HP: 86/94 MP: 9/9
  5464 | D:6      | Killed Olga's ghost
  5465 | D:6      | Reached skill level 1 in Invocations
  5588 | D:6      | Got the ring "Qanurr" {Fire rCorr}
  5696 | D:7      | Found an iron altar of Okawaru.
  6166 | D:8      | Reached * piety under Qazlal
  6324 | D:8      | Identified the +6 scale mail "Ughor" {Regen+}
  6853 | D:9      | Found a glowing silver altar of Zin.
  6867 | D:9      | Noticed Joseph
  6875 | D:9      | Killed Joseph
  6957 | D:9      | Noticed Maggie
  6970 | D:9      | Killed Maggie
  7017 | D:9      | Identified the +5 scale mail of Filth {rF+}
  7042 | D:9      | Noticed a smoke demon
  7280 | D:9      | Found a staircase to the Orcish Mines.
  7523 | D:9      | Found a staircase to the Lair.
  7599 | D:9      | Reached ** piety under Qazlal
  7607 | D:9      | Reached XP level 11. HP: 102/104 MP: 12/12
  7777 | D:10     | Entered Level 10 of the Dungeon
  8210 | D:10     | Found Sasaigguode's Overcharged Wands.
  8623 | D:10     | Identified a scroll of acquirement
  8623 | D:10     | Acquired the amulet "Cuiwef" {Reflect Dex+2 SH+5 Stlth+}
  8725 | D:10     | Noticed a two-headed ogre
  8733 | D:10     | Killed a two-headed ogre
  9015 | D:11     | Noticed a boulder beetle
  9015 | D:11     | Noticed a centaur warrior
  9028 | D:11     | Killed a centaur warrior
  9049 | D:11     | Killed a boulder beetle
  9072 | D:11     | Found Taco's Antique Armour Shop.
  9274 | D:11     | Noticed a two-headed ogre
  9281 | D:11     | Killed a two-headed ogre
  9489 | D:11     | Reached *** piety under Qazlal
  9514 | D:11     | Acquired a +1 executioner's axe of freezing
  9570 | D:12     | Noticed a two-headed ogre
  9573 | D:12     | Killed a two-headed ogre
  9621 | D:12     | Reached skill level 5 in Throwing
  9622 | D:12     | Reached XP level 12. HP: 72/115 MP: 14/14
  9810 | D:12     | Found a runed translucent door.
  9810 | D:12     | Noticed pornopis's ghost (journeyman BaFi)
  9813 | D:12     | Identified the +0 trident of Vanity {speed, *Slow rElec
                  | Int+3 Dex+3}
  9954 | D:12     | You fall into a shaft and drop 3 floors!
  9954 | D:15     | Entered Level 15 of the Dungeon
 10122 | D:14     | Reached skill level 5 in Invocations
 10181 | D:14     | Noticed a fire dragon
 10202 | D:14     | Killed a fire dragon
 10309 | D:14     | Noticed a centaur warrior
 10320 | D:14     | Killed a centaur warrior
 10346 | D:13     | Noticed a centaur warrior
 10349 | D:13     | Reached **** piety under Qazlal
 10350 | D:13     | Noticed a centaur warrior
 10359 | D:13     | Killed a centaur warrior
 10361 | D:13     | Killed a centaur warrior
 10369 | D:13     | Noticed a centaur warrior
 10369 | D:13     | Noticed a centaur warrior
 10377 | D:13     | Killed a centaur warrior
 10377 | D:13     | Killed a centaur warrior
 10412 | D:13     | Reached skill level 10 in Armour
 10446 | D:13     | Noticed a boulder beetle
 10467 | D:13     | Killed a boulder beetle
 10698 | D:12     | Reached XP level 13. HP: 125/125 MP: 16/16
 10966 | D:12     | Killed pornopis's ghost
 11130 | D:13     | Slain by a skeletal warrior

Illustrated notes

Levels and vault maps discovered:
D:1:      lightli_arrival_noodles, layout_basic, minmay_cut_off
D:2:      layout_basic, serial_shops, shop
D:3:      layout_basic, serial_shops, nicolae_shop_waterfront,
          gammafunk_ghost_arena, grunt_ministairs_2, chequers_jeans
D:4:      layout_rooms, serial_aquarium, aquarium_bridge_square
          [aquarium_subvault_wall, aquarium_subvault_wall,
          aquarium_subvault_bridge, aquarium_subvault_bridge],
          aquarium_window_corridor_3, aquarium_window_2, aquarium_window_2,
          aquarium_window_fake, aquarium_view_2e, aquarium_view_2b,
          aquarium_balcony_1a, uniq_edmund
D:5:      minmay_clustersquares, layout_loops_corners, kennysheep_generic_room_8
D:6:      cheibrodos_fzero, layout_cave_pools, temple_green,
          gammafunk_ghost_icy, minmay_increasing_density, uniq_prince_ribbit1,
          uniq_crazy_yiuf_cottage
D:7:      layout_rooms, kennysheep_okawaru_gauntlet
D:8:      layout_loops_ring
D:9:      layout_long_grid, zin_scriptorium, lair_entry_dummy, erik_orc_3,
          minivault_22, item_on_display_a, uniq_maggie, uniq_joseph
D:10:     layout_grid_maze, nicolae_shop_overcharged_wands
D:11:     layout_roguey, serial_shops, shop
D:12:     layout_basic, ebering_ghost_funeral_grove, hex_medium
D:13:     layout_gridville
D:14:     dragon1_lemuel, layout_basic, lightli_vaults_fourway_checkpoint
D:15:     grunt_enter_depths_giant_problem, layout_loops_corners,
          gauntlet_entry_generic
Temple:   mainiacjoe_temple_cubbyholes

Skill      XL: |  1  2  3  4  5  6  7  8  9 10 11 12 13 |
---------------+----------------------------------------+-----
Axes           | 4 5 6 8 9 10 11 13 14 | 14.8
Fighting       | 3 4 5 8 10 11 13 14 | 14.6
Armour         | 1 2 3 4 5 6 7 9 10 | 10.3
Dodging        | 4 5 6 7 8 9 |  9.9
Invocations    | 3 4 5 6 |  6.2
Throwing       | 3 5 6 |  6.0

Action                     |  1- 3 |  4- 6 |  7- 9 | 10-12 | 13-15 || total
---------------------------+-------+-------+-------+-------+-------++-------
  Melee: War axe           |    80 |       |       |       |       ||    80
         Headbutt          |    17 |     4 |    19 |    84 |    14 ||   138
         Great mace        |    18 |       |       |       |       ||    18
         Trident           |     4 |    57 |   118 |       |       ||   179
         Punch             |       |       |     2 |       |       ||     2
         Battleaxe         |       |       |    33 |   251 |       ||   284
         Executioner's axe |       |       |       |   132 |    44 ||   176
  Throw: Boomerang         |       |       |     7 |       |       ||     7
 Invoke: Upheaval          |       |       |       |     1 |       ||     1
         Elemental Force   |       |       |       |     1 |       ||     1
    Use: Scroll            |       |       |       |    24 |     2 ||    26
   Stab: Distracted        |       |       |     1 |       |       ||     1
 Armour: Leather armour    |     4 |       |       |       |       ||     4
         Plate armour      |    62 |    12 |    13 |       |       ||    87
         Scale mail        |       |       |    35 |   174 |    26 ||   235
  Dodge: Dodged            |    40 |    13 |   128 |   356 |    43 ||   580
         Repelled          |       |       |       |     1 |       ||     1
  Block: Other             |       |       |       |    96 |    28 ||   124
         Reflection        |       |       |       |     7 |       ||     7

Table legend: (Time is in decaauts)
 A = Elapsed time spent in this place.
 B = Non-inter-level travel time spent in this place.
 C = Inter-level travel time spent in this place.
 D = Time resting spent in this place.
 E = Time spent auto-exploring this place.
 F = Levels seen in this place.
 G = Mean time per level.
                   A        B        C        D        E       F      G
               +--------+--------+--------+--------+--------+-----+--------+
         Total |  11251 |  10928 |    323 |    586 |   8038 |  16 |  703.2 |
       Dungeon |  11036 |  10755 |    281 |    586 |   7896 |  15 |  735.7 |
        Temple |    214 |    172 |     42 |      0 |    142 |   1 |  214.0 |
               +--------+--------+--------+--------+--------+-----+--------+

Top non-repeatable levels by time:
     D:5: 1540 daAuts
    D:10: 1175 daAuts
     D:6: 1094 daAuts
     D:9: 961 daAuts
    D:12: 930 daAuts
     D:1: 861 daAuts
     D:8: 828 daAuts
     D:2: 701 daAuts
     D:4: 661 daAuts
    D:11: 622 daAuts
     D:3: 599 daAuts
     D:7: 389 daAuts
    D:14: 295 daAuts
    D:13: 268 daAuts
  Temple: 214 daAuts
